AoeStats
← IkeyTiger

Arabia

510049290Analyzed
1v1 RM · 1d ago on Sep 29, 2026· 34m 7s· 2 players
Game mode
Random Map
Map size
Tiny (2 player)
Population
200
Speed
Normal
Resources
Standard
Victory
Conquest
Starting age
Dark Age
Ending age
Imperial Age
RankedLock teamsTeams togetherTeam positionsShared explorationLock speedFull tech treeHidden civsTurbo modeCheats
Victory
Defeat
🇫🇷 Burgundians · France
1010
+15
🇺🇸 Chinese · United States
985
-15
IkeyTiger
0:56 Loom
10:00 Feudal Age
17:06 Castle Age
25:28 Wheelbarrow
30:21 Crossbowman
31:13 Fletching
Leron
10:55 Feudal Age
11:09 Loom
11:07 Man-at-Arms
12:31 Scale Mail Armor
14:04 Forging
16:34 Wheelbarrow
15:47 Double-Bit Axe
16:10 Horse Collar
23:42 Castle Age
22:47 Scale Barding Armor
23:29 Gold Mining
23:59 Cavalier
25:35 Iron Casting
26:46 Heavy Plow
30:54 Town Watch
32:49 Hand Cart
Connection lost

Rejoining the realm…

Still unreachable

The connection could not be restored.

Session expired

The server has moved on; the page needs a fresh start.